 Dungeon Crawl Stone Soup version 0.25-a0-665-ga69d64035b (webtiles) character file.

Game seed: 12469786912003809779, levelgen mode: deterministic

154 kae the Gusty (level 5, -1/28 HPs)
             Began as a Tengu Air Elementalist on Mar 26, 2020.
             Succumbed to a water moccasin's poison
             ... on level 5 of the Dungeon.
             The game lasted 00:02:38 (2941 turns).

kae the Gusty (Tengu Air Elementalist)              Turns: 2941, Time: 00:02:38

Health: -1/28      AC:  2    Str:  7 (9)  XL:     5   Next: 35%
Magic:  10/10      EV: 15    Int: 15 (16) God:
Gold:   100        SH:  0    Dex: 13 (14) Spells: 2/10 levels left

rFire    . . .     SeeInvis .   b - +0 whip
rCold    . . .     Gourm    .   (no shield)
rNeg     . . .     Faith    .   a - +0 robe
rPois    .         Spirit   .   (helmet restricted)
rElec    .         Reflect  .   (no cloak)
rCorr    .         Harm     .   (no gloves)
MR       .....                  (boots unavailable)
Stlth    ++........             (no amulet)
HPRegen  0.09/turn              (no ring)
MPRegen  0.12/turn              (no ring)

@: lethally poisoned (-1 -> -23), flying quickly and evasively, quick
A: beak, talons 3, able to fly
a: Stop Flying


You were on level 5 of the Dungeon.
You were hungry.

You visited 1 branch of the dungeon, and saw 5 of its levels.

You collected 100 gold pieces.

Inventory:

Hand Weapons
 b - a +0 whip (weapon)
Armour
 a - a +0 robe (worn)
 o - a +0 pair of gloves
Jewellery
 m - an uncursed amulet of the gourmand {unknown}
 n - an uncursed amulet of guardian spirit {unknown}
Wands
 l - a wand of digging (3)
Scrolls
 p - a scroll of identify
 r - a scroll of fog {unknown}
Potions
 d - a potion of brilliance
 f - a potion of stabbing {unknown}
 g - 2 potions of invisibility {unknown}
 h - a potion of resistance {unknown}
 i - a potion of haste {unknown}
 j - a potion of magic {unknown}
Comestibles
 c - 7 rations
 k - 8 chunks of flesh


   Skills:
 - Level 2.1 Dodging
 - Level 2.0 Stealth
 + Level 3.0 Spellcasting
 * Level 4.8 Conjurations
 + Level 5.1 Air Magic


You had 2 spell levels left.
You knew the following spells:

 Your Spells              Type           Power        Failure   Level  Hunger
a - Shock                 Conj/Air       ###.         2%          1    #......
b - Static Discharge      Conj/Air       ###.....     8%          3    ###....
c - Airstrike             Air            ###.......   24%         4    #####..

Your spell library contained the following spells:

 Spells                   Type           Power        Failure   Level  Hunger
 Swiftness                Chrm/Air       ##......     11%         2    ##.....
 Lightning Bolt           Conj/Air       ###.......   58%         5    ######.


Dungeon Overview and Level Annotations

Branches:
Dungeon (6/15)
 Temple: D:4-7

Altars:
Uskayaw
Zin


Innate Abilities, Weirdness & Mutations

You have a beak for a mouth.
You have claws for feet.
You can fly continuously.


Message History

The water moccasin poisons you!
You fly upwards.
A worker ant and a sky beast come into view.
You feel sick.
There is a stone staircase leading down here.
You feel sick. The water moccasin bites you.
* * * LOW HITPOINT WARNING * * *
The water moccasin bites you.
* * * LOW HITPOINT WARNING * * *
You are more poisoned.
The water moccasin poisons you!
* * * LOW HITPOINT WARNING * * *
You feel sick.
Okay, then.
* * * LOW HITPOINT WARNING * * *
You feel sick.
It was a potion of degeneration.
There was something very wrong with that liquid.
You feel weakened.
You feel dopey.
You feel clumsy.
You die...

#..a.....#
#......Y.#
#........#
#........#
#........#
#........# ######
#.>.....+
##.....##.......#
.......@S.......#
................#
................#
##..##.####...###
## #. ...# #.
....# #. ....# #.
..#


You could see a water moccasin.

Vanquished Creatures
  An orc priest (D:3)
  5 adders
  2 worms (D:2)
  3 dart slugs
  A leopard gecko (D:1)
  7 orcs (D:3)
  4 giant cockroaches
  5 goblins
  6 hobgoblins
  2 jackals (D:1)
  2 quokkas (D:2)
  6 bats
  4 frilled lizards
  10 kobolds
  6 rats
64 creatures vanquished.

Notes
Turn   | Place    | Note
-------+----------+-------------------------------------------
     0 | D:1      | kae the Tengu Air Elementalist began the quest for the Orb.
     0 | D:1      | Reached XP level 1. HP: 10/10 MP: 4/4
   162 | D:1      | Reached XP level 2. HP: 15/15 MP: 1/6
   728 | D:1      | Reached XP level 3. HP: 16/19 MP: 3/7
  1263 | D:2      | Learned a level 3 spell: Static Discharge
  1298 | D:2      | Found a glowing silver altar of Zin.
  1615 | D:2      | Reached XP level 4. HP: 24/24 MP: 5/8
  1620 | D:2      | Found a hide-covered altar of Uskayaw.
  1772 | D:2      | Learned a level 4 spell: Airstrike
  1861 | D:2      | Found a glowing silver altar of Zin.
  2632 | D:3      | Reached skill level 5 in Air Magic
  2632 | D:3      | Gained mutation: You can fly continuously. [Tengu growth]
  2632 | D:3      | Reached XP level 5. HP: 28/28 MP: 6/10
  2922 | D:3      | You are sucked into a shaft and drop 3 floors!
  2923 | D:6      | Noticed a water moccasin
  2923 | D:6      | Noticed a sky beast
  2925 | D:6      | Noticed a water moccasin
  2937 | D:5      | Entered Level 5 of the Dungeon
  2937 | D:5      | Noticed a sky beast
  2940 | D:5      | HP: 1/28 [poisoned by a water moccasin]
  2941 | D:5      | Succumbed to a water moccasin's poison

Levels and vault maps discovered:
D:1:      dpeg_arrival_lava_temple_mockup, layout_basic
D:2:      layout_rooms, old_standard_altar, zin_treasury, lemuel_altar_in_water
D:3:      minmay_spotlight, layout_basic, minmay_overflow_temple_star_quad
D:5:      layout_gridville, yredelemnul_altar_generic, lemuel_doored_altar,
          minmay_temple_entry_gardened_gates, uniq_blork_the_orc, uniq_duvessa
D:6:      wad_guarded_room, layout_layer_cave, gammafunk_temple_overflow_wave

Skill      XL: |  1  2  3  4  5 |
---------------+----------------+-----
Conjurations   | 2 3 4 |  4.8
Air Magic      | 5 |  5.1
Spellcasting   | 3 |  3.0
Dodging        | |  2.1
Stealth        | |  2.0

Action                   |  1- 3 |  4- 6 || total
-------------------------+-------+-------++-------
Melee: Whip              |    32 |    13 ||    45
       Kick              |    11 |     3 ||    14
       Peck              |     2 |     2 ||     4
 Cast: Shock             |    60 |    60 ||   120
 Abil: Fly               |       |     1 ||     1
  Use: Scroll            |     1 |     5 ||     6
       Potion            |       |     1 ||     1
 Stab: Sleeping          |       |     1 ||     1
  Eat: Chunk             |     3 |     4 ||     7
Armor: Robe              |     6 |     7 ||    13
Dodge: Dodged            |    23 |    36 ||    59

Table legend:
 A = Non-vault XP
 B = Vault XP
 C = Vault XP percentage of total XP
 D = Non-vault monster count
 E = Vault monster count
 F = Vault count percentage of total count
                 A         B        C        D         E       F
            +---------+---------+-------+---------+---------+-------
      Total |     220 |       0 |   0.0 |      64 |       0 |   0.0
            +---------+---------+-------+---------+---------+-------
        D:1 |      43 |       0 |   0.0 |      26 |       0 |   0.0
        D:2 |      61 |       0 |   0.0 |      17 |       0 |   0.0
        D:3 |     116 |       0 |   0.0 |      21 |       0 |   0.0
            +---------+---------+-------+---------+---------+-------
